[Event "Open Nuevo Centro. Jornada 2"]
[Site "Chess.com"]
[Date "2020.06.26"]
[Round "2"]
[White "Donate Peris, Jose Manuel"]
[Black "Rodriguez, Mathias"]
[Result "0-1"]
[WhiteElo "1601"]
[BlackElo "1973"]
[TimeControl "180+2"]
[EndTime "10:48:13 PDT"]
[Termination "Victoria de niguil por abandono"]

1. d4 Nf6 2. c4 g6 3. Nc3 d5 4.
cxd5 Nxd5 5. e4 Nxc3 6. bxc3 Bg7 7. Be3 O-O 8. Bc4 c5 9. Ne2 Nc6 10. O-O Qa5 11. dxc5 Rd8 12. Qc2 Ne5 13. Bb3 b6 14.
cxb6 axb6 15. Nd4 Ba6 16. Rfd1 Rac8 17. Rac1 Ng4 18. Qb1 Nxe3 19. fxe3 Rxc3 20. Rxc3 Qxc3 21. Ne2 Qxe3+ 22. Kh1 Rxd1+ 23. Qxd1 Qxe2 24. Qd8+ Bf8 25. h3 Qxe4 26. Qxb6 Bb7 27. Qf2 e6 28. a4 Bc5 29.
Qd2 Qb1+ 0

[Event "Open Nuevo Centro. Jornada 2"]
[Site "Chess.com"]
[Date "2020.06.26"]
[Round "2"]
[White "Ferrando Lacruz, Nicolás "]
[Black "Morata Briones, Carlos"]
[Result "0-1"]
[WhiteElo "1196"]
[BlackElo "854"]
[TimeControl "180+2"]
[EndTime "10:48:15 PDT"]
[Termination "Victoria de CarlosMorata por jaque mate"]

1. d4 d5 2. Bf4 Bf5 3. Nf3 Nf6 4. e3 e6 5. Bd3 Bxd3 6. cxd3 Bb4+ 7. Nbd2 O-O 8. Ne5 Bd6 9. Ndf3 Bxe5 10. dxe5 Nh5 11. Bg5 Qd7 12. Nd4 f6 13. Qxh5 fxg5 14. Qxg5 h6 15.
Qf4 Rxf4 16. exf4 Nc6 17. Nb5 Nb4 18. a4 Nxd3+ 19. Kd2 Nxb2 20. Rab1 Nc4+ 21. Ke1 a6 22. Nd4 Qxa4 23. Rxb7 Qa5+ 24. Ke2 Qd2+ 25. Kf3 Qd3+ 26. Kg4 h5+ 27. Kxh5 Qh7+ 28. Kg4 Qg6+ 29. Kh4 Qh6+ 30. Kg4 Rf8 31. Rxc7 Qxf4+ 32. Kh3 Nxe5 33. Nxe6 Qg4# 0

[Event "Open Nuevo Centro. Jornada 2"]
[Site "Chess.com"]
[Date "2020.06.26"]
[Round "2"]
[White "Valverde Caballero, Rafael"]
[Black "Silva Rodriguez, Fernando"]
[Result "0-1"]
[WhiteElo "1902"]
[BlackElo "2503"]
[TimeControl "180+2"]
[EndTime "10:48:22 PDT"]
[Termination "Victoria de HarnFer por abandono"]

1. c4 c6 2. e4 d5 3. exd5 cxd5 4. d4 Nf6 5. Nc3 Nc6 6. Bg5 dxc4 7. Bxc4 h6 8. Bxf6 exf6 9. Nge2 Be7 10. O-O O-O 11. Bb3 Bg4 12. Qd3 Bd6 13. h3 Bh5 14. f4 Bxe2 15.
Nxe2 Qb6 16. Kh1 Rad8 17. Bc2 g6 18. a3 f5 19. b4 Be7 20. Bb3 Nxd4 21. Nxd4 Rxd4 22.
Qe3 Bf6 23. Rac1 Rfd8 24. Qg3 Kg7 25. h4 h5 26. Qf3 Rd3 27. Qf2 Qxf2 28. Rxf2 Rxb3 29.
Rfc2 Rxa3 0

[Event "Open Nuevo Centro. Jornada 2"]
[Site "Chess.com"]
[Date "2020.06.26"]
[Round "2"]
[White "Cayon Pelaez, Pablo"]
[Black "Macias Pino, Diego"]
[Result "0-1"]
[WhiteElo "1763"]
[BlackElo "2198"]
[TimeControl "180+2"]
[EndTime "10:48:26 PDT"]
[Termination "Victoria de jesuimafe por abandono"]

1. d4 d5 2. c4 dxc4 3. e4 b5 4. a4 c6 5. e5 Bb7 6. Nc3 a6 7. Nf3 e6 8. Be3 Bb4 9. Be2 Ne7 10. O-O Bxc3 11. bxc3 Nd5 12. Bd2 Nd7 13. h3 h6 14.
Nh2 c5 15. Qc2 cxd4 16. cxd4 N7b6 17. Rfb1 Bc6 18. a5 Nc8 19. Bf3 Nce7 20. Ng4 Nf5 21. Be3 h5 22. Bxd5 Qxd5 0

[Event "Open Nuevo Centro. Jornada 2"]
[Site "Chess.com"]
[Date "2020.06.26"]
[Round "2"]
[White "Ulla Centelles, Llorens"]
[Black "Más Ripoll, Vicente"]
[Result "1-0"]
[WhiteElo "1581"]
[BlackElo "1005"]
[TimeControl "180+2"]
[EndTime "10:48:26 PDT"]
[Termination "Victoria de kratos82 por tiempo"]

1. e4 c5 2. d3 d5 3. exd5 Qxd5 4. Nc3 Qd8 5. Nf3 Nc6 6. Be2 h6 7. O-O Bg4 8. Bf4 a6 9. Qd2 e6 10. Ne4 Nf6 11. Rad1 Bxf3 12. Bxf3 Nd4 13. Nxf6+ Qxf6 14. Bxb7 Qxf4 15. Qxf4 Ne2+ 16. Kh1 Nxf4 17. Bxa8 Be7 18. d4 O-O 19. dxc5 Rxa8 20. c6 Rc8 21. Rd7 Kf8 22. Rfd1 Ke8 23. c7 Nd5 24. R7xd5 exd5 25. Rxd5 Rxc7 26. h3 Rd7 27. Ra5 Ra7 28. g3 Bb4 29.
Re5+ Be7 30. c4 Rb7 31. b3 Rd7 32. f4 Rd1+ 33. Kg2 Rd2+ 34. Kf3 Rxa2 35. c5 Ra3 36.
Re3 Kf8 37. c6 Bc5 38. c7 1

[Event "Open Nuevo Centro. Jornada 2"]
[Site "Chess.com"]
[Date "2020.06.26"]
[Round "2"]
[White "Cinà Asensio, Luca "]
[Black "Méndez Giménez , Néstor Emmanuel"]
[Result "0-1"]
[WhiteElo "496"]
[BlackElo "1100"]
[TimeControl "180+2"]
[EndTime "10:48:41 PDT"]
[Termination "Victoria de NestorMendez8 por jaque mate"]

1. e4 e6 2. d4 c5 3. Nf3 Nc6 4. Be3 Qb6 5. Nbd2 cxd4 6. Nxd4 Nxd4 7. Bxd4 Qxd4 8. Nf3 Qxe4+ 9. Be2 Nf6 10. Ng5 Qb4+ 11.
c3 Qxb2 12. O-O Be7 13. Qe1 O-O 14. Qd2 Qb6 15. Rab1 Qc6 16. Bb5 Ne4 17. Nxe4 Qxe4 18. f3 Bc5+ 19. Kh1 Qg6 20. g3 b6 21. f4 Bb7+ 22. Rf3 Qxb1+ 23. Kg2 Bxf3+ 24. Kxf3 Qxb5 25. Qc1 Qd3+ 26. Kg2 Qe2+ 27. Kh3 e5 28. fxe5 Qxe5 29. Qg1 Bxg1 30. Kg2 Qxc3 31. Kxg1 Qb2 32. Kf1 Qxa2 33.
Kg1 b5 34. Kf1 b4 35. Kg1 b3 36. Kf1 Rac8 37. Ke1 Rc1# 0

[Event "Open Nuevo Centro. Jornada 2"]
[Site "Chess.com"]
[Date "2020.06.26"]
[Round "2"]
[White "Martínez Carvajal, Juan Francisco"]
[Black "Kovacevic, Slobodan"]
[Result "0-1"]
[WhiteElo "1767"]
[BlackElo "2110"]
[TimeControl "180+2"]
[EndTime "10:48:42 PDT"]
[Termination "Victoria de nikko110 por jaque mate"]

1. Nf3 c5 2. c4 b6 3. g3 Bb7 4.
Bg2 Nf6 5. O-O e6 6. Nc3 a6 7. Re1 Be7 8. e4 d6 9. d4 cxd4 10. Nxd4 Qc7 11. b3 O-O 12. Bb2 Nbd7 13. Rc1 Rac8 14.
f4 Rfd8 15. Rc2 Qb8 16. Rd2 Bf8 17. Na4 Ba8 18. Kh1 b5 19. cxb5 axb5 20. Nc3 b4 21.
Ncb5 e5 22. Nxd6 Bxd6 23. Nf5 Bf8 24. fxe5 Nxe5 25. Rxd8 Rxd8 26. Qc2 Nd3 27. Rd1 Nxb2 28. Rxd8 Qxd8 29. Qxb2 Qd1+ 30. Bf1 Qxf1# 0

[Event "Open Nuevo Centro. Jornada 2"]
[Site "Chess.com"]
[Date "2020.06.26"]
[Round "2"]
[White "Lopez Mateo, Juan Carlos"]
[Black "Birnoveanu, Petru"]
[Result "1-0"]
[WhiteElo "1992"]
[BlackElo "1694"]
[TimeControl "180+2"]
[EndTime "10:48:43 PDT"]
[Termination "Victoria de Tarantantinov por tiempo"]

1. e4 Nc6 2. Nf3 f5 3. exf5 d5 4. d4 Bxf5 5. Bb5 Bg4 6. O-O Qd6 7. h3 Bxf3 8. Qxf3 Nf6 9. Bf4 Qd7 10. c4 a6 11.
cxd5 Nxd5 12. Bxc6 Qxc6 13. Rc1 Qd7 14. Be5 c6 15. Qh5+ g6 16. Qh4 Rg8 17. Qxh7 Qe6 18. Nc3 Nf6 19. Bxf6 exf6 20. Re1 1

[Event "Open Nuevo Centro. Jornada 2"]
[Site "Chess.com"]
[Date "2020.06.26"]
[Round "2"]
[White "Yuste Valenzuela, Alejandro"]
[Black "Randazzo, Adrián"]
[Result "0-1"]
[WhiteElo "1858"]
[BlackElo "2468"]
[TimeControl "180+2"]
[EndTime "10:48:45 PDT"]
[Termination "Victoria de Nikithebest por abandono"]

1. e4 c5 2. Nf3 d6 3. d4 cxd4 4. Nxd4 Nf6 5. Nc3 a6 6. Be2 e5 7. Nb3 Be7 8. g4 h6 9. h4 b5 10. Be3 Bb7 11. f3 Nbd7 12. Qd2 Rc8 13. O-O-O b4 14.
Nd5 Nxd5 15. exd5 Qc7 16. Kb1 Nf6 17. g5 Nxd5 18. gxh6 gxh6 19. Bxh6 Rxh6 20. Qxh6 Qxc2+ 21. Ka1 Qxe2 22. Na5 Ba8 23. Rc1 Nc3 24. bxc3 bxc3 25. Rb1 c2 26. Rbc1 Qxf3 27. Qd2 Bf6 28. Rxc2 Qxh1+ 29. Kb2 e4+ 30. Kb3 Qb1+ 31. Rb2 Rb8+ 0

[Event "Open Nuevo Centro. Jornada 2"]
[Site "Chess.com"]
[Date "2020.06.26"]
[Round "2"]
[White "Aguado, Pablo Luis"]
[Black "Gimeno Higueras, Roberto"]
[Result "0-1"]
[WhiteElo "1665"]
[BlackElo "1991"]
[TimeControl "180+2"]
[EndTime "10:48:45 PDT"]
[Termination "Victoria de Chicogrande2 por abandono"]

1. d4 Nf6 2. c4 e6 3. Nc3 Bb4 4. e3 O-O 5. Bd3 c5 6. a3 Bxc3+ 7. bxc3 Nc6 8. Ne2 d6 9. O-O e5 10. d5 Na5 11. e4 b6 12. Bg5 h6 13. Bh4 Ba6 14.
Qa4 Qe8 15. Qc2 Nd7 16. f4 Bxc4 17. f5 f6 18. Rf3 Bxd3 19. Qxd3 c4 20. Qd2 Nb3 21.
Qe3 Nxa1 22. Rg3 Qh5 23. Rh3 Nc2 24. Qd2 Qg4 25. Qxc2 Nc5 26. Be1 Qxe4 27. Qd2 Qxf5 28. Rg3 Ne4 0

[Event "Open Nuevo Centro. Jornada 2"]
[Site "Chess.com"]
[Date "2020.06.26"]
[Round "2"]
[White "Martínez Albelda, Mariela"]
[Black "Cebolla Ruiz, David"]
[Result "0-1"]
[WhiteElo "1002"]
[BlackElo "1579"]
[TimeControl "180+2"]
[EndTime "10:48:48 PDT"]
[Termination "Victoria de Dabelcebolla por jaque mate"]

1. d4 Nf6 2. Nf3 g6 3. Nc3 Bg7 4.
Bf4 d6 5. e3 O-O 6. Bc4 Nbd7 7.
Ng5 e6 8. Nge4 d5 9. Nxf6+ Bxf6 10. Bb5 c6 11. Ba4 a5 12. a3 c5 13. dxc5 Nxc5 14.
Bb3 Bxc3+ 15. bxc3 Ne4 16. f3 Nxc3 17. Qd3 Qf6 18. O-O a4 19. Ba2 Nxa2 20. Rxa2 e5 21.
Bg3 Be6 22. Rb2 e4 23. Qb5 exf3 24. gxf3 Qc3 25. Be1 Qxe3+ 26. Bf2 Qg5+ 27. Kh1 Bh3 28. Rg1 Qd2 29. Be1 Qf4 30. Bg3 Qxf3+ 31. Rg2 Qxg2# 0

[Event "Open Nuevo Centro. Jornada 2"]
[Site "Chess.com"]
[Date "2020.06.26"]
[Round "2"]
[White "Martínez Cuenca, Adrián "]
[Black "Alvarez Usina, Jordi"]
[Result "0-1"]
[WhiteElo "598"]
[BlackElo "1193"]
[TimeControl "180+2"]
[EndTime "10:49:01 PDT"]
[Termination "Victoria de jordi_alvarez por jaque mate"]

1. e4 e5 2. Nf3 Nf6 3. Nxe5 d6 4. Nd3 Nxe4 5. f3 Nf6 6. c4 Qe7+ 7. Be2 g6 8. O-O Bg7 9. Nc3 O-O 10. f4 Re8 11. b4 d5 12. Nc5 d4 13. N3e4 Nxe4 14. d3 Nxc5 15. bxc5 Qxe2 16. Qxe2 Rxe2 17. h3 b6 18. Kh2 Bb7 19. cxb6 Rxg2+ 20. Kh1 cxb6 21. Rg1 Rxa2+ 22. Rg2 Rxg2 23. Ba3 Ra2+ 24. Kg1 Rxa1+ 25. Bc1 Rxc1+ 26. Kf2 Nc6 27. h4 Re8 28. Kf3 Re3+ 29. Kg4 Rg1# 0

[Event "Open Nuevo Centro. Jornada 2"]
[Site "Chess.com"]
[Date "2020.06.26"]
[Round "2"]
[White "Vega Gutiérrez, Sabrina"]
[Black "Salvador Buiza, Victor"]
[Result "1-0"]
[WhiteElo "2026"]
[BlackElo "1743"]
[TimeControl "180+2"]
[EndTime "10:49:09 PDT"]
[Termination "Victoria de Valeron87 por jaque mate"]

1. e4 e6 2. Qe2 Nc6 3. Nf3 e5 4.
c3 Bc5 5. b4 Bd6 6. b5 Nb8 7. d4 exd4 8. e5 Be7 9. cxd4 d6 10.
Qe4 dxe5 11. dxe5 c6 12. Be2 g6 13. O-O Bf5 14. Qa4 f6 15. Rd1 Qc7 16. Bf4 Qc8 17.
Nc3 g5 18. Bg3 h5 19. exf6 Nxf6 20. Nxg5 Ng4 21. Nce4 cxb5 22. Bxb5+ Nc6 23. Rac1 Bd7 24. Bd6 Bxg5 25. Nxg5 a6 26. Qe4+ Kd8 27. Bxc6 Bxc6 28. Qe7# 1

[Event "Open Nuevo Centro. Jornada 2"]
[Site "Chess.com"]
[Date "2020.06.26"]
[Round "2"]
[White "Vicent Lázaro, Elena"]
[Black "Colomer Martinez, Isabel"]
[Result "0-1"]
[WhiteElo "656"]
[BlackElo "1225"]
[TimeControl "180+2"]
[EndTime "10:49:18 PDT"]
[Termination "Victoria de jupiter555 por jaque mate"]

1. e3 e5 2. c4 Nc6 3. Nc3 Nf6 4. Bd3 Bc5 5. Bb1 d6 6. Qa4 Be6 7. Nb5 a6 8. Qa5 Nxa5 9. Na3 Bxa3 10. bxa3 Bxc4 11.
d3 Bb5 12. Bc2 Bc6 13. Nf3 e4 14. dxe4 Nxe4 15. Bxe4 Bxe4 16. O-O Qf6 17. Rb1 Bxb1 18. Bb2 Qxb2 19. Nh4 Qf6 20. Nf3 Be4 21. Nd2 Bd5 22.
e4 Bc6 23. e5 dxe5 24. f3 O-O 25. Ne4 Qe7 26. Nf2 e4 27. fxe4 Bxe4 28. Nxe4 Qxe4 29. Kf2 Rfe8 30. Re1 Qxe1+ 31. Kf3 Qe2+ 32. Kg3 Qe3+ 33. Kg4 Re4+ 34. Kh5 Qf4 35. g4 Qxg4# 0

[Event "Open Nuevo Centro. Jornada 2"]
[Site "Chess.com"]
[Date "2020.06.26"]
[Round "2"]
[White "Borissov, Julián"]
[Black "Giaccio González, Alfredo Gustavo"]
[Result "0-1"]
[WhiteElo "1839"]
[BlackElo "2383"]
[TimeControl "180+2"]
[EndTime "10:49:20 PDT"]
[Termination "Victoria de AGG2020 por abandono"]

1. e4 e6 2. d4 d5 3. Nc3 Nc6 4. Nf3 Nf6 5. exd5 Nxd5 6. Bb5 Bd7 7. O-O Nxc3 8. bxc3 Be7 9. Re1 O-O 10. Bd3 Bf6 11. Rb1 b6 12. Ba3 Re8 13. Be4 Rc8 14. Nd2 Na5 15. Re3 g6 16. h4 Bxh4 17. Rh3 Bf6 18.
g3 e5 19. Rxh7 Kxh7 20. Qh5+ Kg7 21. Qf3 exd4 22. cxd4 Bxd4 23. Kg2 c5 24. c3 Bf6 25. Rh1 Bc6 26. Bxc6 Rxc6 27. Ne4 Qd5 28. Re1 Rce6 0

[Event "Open Nuevo Centro. Jornada 2"]
[Site "Chess.com"]
[Date "2020.06.26"]
[Round "2"]
[White "Clement Gómez, José Antonio"]
[Black "Gómez Alonso, Óscar"]
[Result "1-0"]
[WhiteElo "2483"]
[BlackElo "1859"]
[TimeControl "180+2"]
[EndTime "10:49:26 PDT"]
[Termination "Victoria de P4AD por jaque mate"]

1. c4 Nf6 2. g3 c5 3. Bg2 Nc6 4. Nf3 e6 5. O-O d5 6. Nc3 g6 7. cxd5 exd5 8. d4 cxd4 9. Nxd4 Bg7 10. Bg5 Be6 11. e4 dxe4 12. Nxe6 Qxd1 13. Raxd1 fxe6 14. Nxe4 Nxe4 15. Bxe4 Rc8 16. Rd6 e5 17. Rfd1 Nd4 18.
Bxb7 Rb8 19. Bd5 Bf8 20. Ra6 Bc5 21. Bf6 Rf8 22. Bxe5 Rxb2 23. Bxd4 Bxd4 24. Rxd4 Rfxf2 25. Rxa7 Rxh2 26. Bc6+ Kf8 27. Rd8# 1

[Event "Open Nuevo Centro. Jornada 2"]
[Site "Chess.com"]
[Date "2020.06.26"]
[Round "2"]
[White "Garcia, Jhoel"]
[Black "Donate Moreno, Silvia"]
[Result "1-0"]
[WhiteElo "2303"]
[BlackElo "1779"]
[TimeControl "180+2"]
[EndTime "10:49:39 PDT"]
[Termination "Victoria de shoels por abandono"]

1. Nf3 g6 2. d4 Bg7 3. c4 Nf6 4. g3 d6 5. Bg2 O-O 6. O-O Nc6 7. b3 e5 8. Bb2 Qe7 9. d5 Nb8 10. Nc3 Nbd7 11. e4 Ne8 12. Re1 f5 13. exf5 gxf5 14.
Nd4 Ndf6 15. Qc2 Ng4 16. Ne6 Bxe6 17. dxe6 c6 18. h3 Nh6 19. Rad1 Qxe6 20. Nd5 Kh8 21. Nf4 Qf7 22. Nd3 Rd8 23. Nc1 Nc7 24. c5 Nb5 25. cxd6 Nxd6 26. Bxe5 Bxe5 27. Rxe5 Qf6 28. Re2 Nhf7 29.
Rde1 Ng5 30. Nd3 Nge4 31. Nf4 Rfe8 32. Kh2 Re7 33. f3 Rde8 34. fxe4 fxe4 35. Nh5 Qg6 36. Qc3+ Kg8 37. Nf6+ 1

[Event "Open Nuevo Centro. Jornada 2"]
[Site "Chess.com"]
[Date "2020.06.26"]
[Round "2"]
[White "Marín Corresa, Arturo"]
[Black "Pardo Ruiz, Carlos"]
[Result "0-1"]
[WhiteElo "2205"]
[BlackElo "1849"]
[TimeControl "180+2"]
[EndTime "10:49:48 PDT"]
[Termination "Victoria de Carlitoscarlsen por tiempo"]

1. e4 Nf6 2. e5 Nd5 3. d4 d6 4.
Nf3 Bg4 5. h3 Bxf3 6. Qxf3 e6 7.
a3 dxe5 8. dxe5 Nc6 9. Bb5 Bc5 10.
O-O O-O 11. Bxc6 bxc6 12. Qg3 Kh8 13. Nd2 Rb8 14. Nf3 h6 15. b4 Be7 16. Rd1 Qc8 17.
c4 Nc3 18. Re1 Rd8 19. Be3 Qb7 20. Rac1 Na4 21. Qg4 c5 22. b5 Nb2 23. Qh5 Kg8 24.
Rc3 Na4 25. Rc2 Nb6 26. Nd2 Nd7 27. Ne4 Qxe4 28. f3 Qxc2 29. Bxh6 gxh6 30. Re4 Qc1+ 31. Kh2 Bg5 32. h4 Bf4+ 33. Kh3 Nxe5 34. Rxe5 Bxe5 35. Qxe5 Rd1 0

[Event "Open Nuevo Centro. Jornada 2"]
[Site "Chess.com"]
[Date "2020.06.26"]
[Round "2"]
[White "Gerona Maura, Jesus"]
[Black "Martinez Hernandez, Paula"]
[Result "0-1"]
[WhiteElo "1754"]
[BlackElo "2040"]
[TimeControl "180+2"]
[EndTime "10:49:48 PDT"]
[Termination "Victoria de pauliximartinez por abandono"]

1. e4 c6 2. Nf3 d5 3. Nc3 Nf6 4. e5 Ne4 5. Bd3 Nc5 6. Qe2 Bg4 7.
O-O e6 8. h3 Bh5 9. b3 Nbd7 10.
g4 Bg6 11. Bb2 Nxd3 12. cxd3 c5 13. Nb5 a6 14. Nd6+ Bxd6 15. exd6 O-O 16. Ne5 Nf6 17. Nxg6 hxg6 18. Qe5 d4 19. Qxc5 Qd7 20. Qxd4 Rfd8 21.
Qf4 Qxd6 22. Be5 Qxd3 23. Bxf6 gxf6 24. Qxf6 Qxh3 25. Qg5 Rd4 26. f3 Qg3+ 27. Kh1 Kg7 0

[Event "Open Nuevo Centro. Jornada 2"]
[Site "Chess.com"]
[Date "2020.06.26"]
[Round "2"]
[White "Pallardo Lozoya, Jose Vicente"]
[Black "Gutierrez Marco, Dario"]
[Result "1-0"]
[WhiteElo "1758"]
[BlackElo "1903"]
[TimeControl "180+2"]
[EndTime "10:49:50 PDT"]
[Termination "Victoria de PallardoChess por abandono"]

1. e4 c5 2. Nc3 e6 3. g3 Nc6 4. Bg2 Nf6 5. d3 d6 6. Nh3 Be7 7. O-O Rb8 8. f4 O-O 9. g4 d5 10. g5 Ne8 11. exd5 exd5 12. Nxd5 Bxh3 13. Nxe7+ Nxe7 14. Bxh3 Qd4+ 15. Kh1 Nd6 16. f5 Nd5 17. c3 Qh4 18. Bg2 Ne7 19. f6 Ng6 20. fxg7 Kxg7 21. Qf3 f5 22. gxf6+ Rxf6 23. Qxf6+ Qxf6 24. Bh6+ Kf7 25. Bd5+ Ke7 26. Rae1+ Ne5 27. Rxf6 Kxf6 28. Bf4 Re8 29. d4 cxd4 30. cxd4 Nd3 31. Rxe8 Nxe8 32. Be5+ Nxe5 33. dxe5+ Kxe5 34. Bxb7 Nd6 35. Ba6 Ne4 36. Bd3 Nc5 37. Bxh7 Na4 38. b3 Nc3 39. a3 Nb5 40.
a4 Nd4 41. Bg8 a5 42. Kg2 Nf5 43. h3 Nh6 44. Bc4 Nf5 45. Kf3 Nd4+ 46. Kg4 Nf5 47. Kg5 Ne3 48. h4 Nxc4 49. bxc4 Kd4 50. h5 Kxc4 51. h6 Kb4 52. h7 Kxa4 53. h8=Q Ka3 54. Qc3+ Ka4 55. Qc4+ Ka3 56. Qb5 a4 57. Kf4 1

[Event "Open Nuevo Centro. Jornada 2"]
[Site "Chess.com"]
[Date "2020.06.26"]
[Round "2"]
[White "Beneyto de Ramon, Guillermo"]
[Black "Ainsa Jimenez, Lucas"]
[Result "1-0"]
[WhiteElo "1511"]
[BlackElo "913"]
[TimeControl "180+2"]
[EndTime "10:49:51 PDT"]
[Termination "Victoria de GUILLETE por jaque mate"]

1. c4 e5 2. Nc3 Nc6 3. g3 Nf6 4. Bg2 Bc5 5. Nf3 O-O 6. O-O Re8 7. d3 d6 8. Bg5 h6 9. Bh4 Be6 10. Rb1 b6 11. Ne4 Nxe4 12. Bxd8 Rexd8 13. dxe4 Bxc4 14. b3 Be6 15. a3 Bxa3 16. e3 Bc5 17. Nh4 Rd7 18.
Nf5 Rad8 19. Qd2 Bb4 20. Qc2 Bc5 21. Rb2 Nb4 22. Qd2 Nc6 23. Rfb1 Bb4 24. Qc1 Bc5 25. b4 Bxe3 26. fxe3 Ne7 27. Nxe7+ Rxe7 28. Rc2 d5 29.
exd5 Bxd5 30. Bxd5 Rxd5 31. Rxc7 Rxc7 32. Qxc7 g6 33. Rc1 Kg7 34. e4 Rd4 35. Qxe5+ f6 36. Qe7+ Kg8 37. Rc8+ Rd8 38. Rxd8# 1

[Event "Open Nuevo Centro. Jornada 2"]
[Site "Chess.com"]
[Date "2020.06.26"]
[Round "2"]
[White "Saiz Sapena, Veronica"]
[Black "Perrot, Fabien "]
[Result "1-0"]
[WhiteElo "1554"]
[BlackElo "1000"]
[TimeControl "180+2"]
[EndTime "10:50:12 PDT"]
[Termination "Victoria de Titina1 por abandono"]

1. e4 e5 2. d4 f6 3. dxe5 fxe5 4. Bc4 g6 5. Nc3 Bb4 6. Bd2 d6 7. Nf3 Bg4 8. h3 Bxf3 9. Qxf3 Qe7 10. Nd5 Bxd2+ 11.
Kxd2 Qg7 12. Raf1 c6 13. Ne3 Nd7 14. c3 O-O-O 15. Kc1 Rf8 16. Qg4 Nf6 17. Qh4 g5 18.
Qg3 Nxe4 19. Qg4 Nxf2 20. Rxf2 Rxf2 21. Nf5 Rxf5 22. Qxf5 Qf6 23. Qc2 h6 24. b4 b5 25.
Rf1 Qg7 26. Bd3 Rf8 27. a4 Rxf1+ 28. Bxf1 Kb7 29. axb5 cxb5 30. Qe4+ Kb6 31. Qe3+ Kb7 32. Bxb5 a6 33. Qe4+ Kc7 34. Qc6+ Kd8 35. Bxa6 Ke7 36. Bb5 Ke6 37. Bc4+ Ke7 38. Kb2 Ke8 39. Ba6 Qe7 40. Qc8+ Kf7 41. Bc4+ Kf6 42. Qh8+ Kf5 43. Qxh6 Qe6 44.
Bxe6+ 1

[Event "Open Nuevo Centro. Jornada 2"]
[Site "Chess.com"]
[Date "2020.06.26"]
[Round "2"]
[White "Sanchis Bon, Sergi"]
[Black "Rodriguez Rodriguez, Joan David "]
[Result "0-1"]
[WhiteElo "1003"]
[BlackElo "1611"]
[TimeControl "180+2"]
[EndTime "10:50:14 PDT"]
[Termination "Victoria de Not_Jr_chess por jaque mate"]

1. e4 e5 2. Qf3 Nf6 3. g4 d5 4. h3 dxe4 5. Qg3 Nc6 6. g5 Nh5 7.
Qh4 g6 8. f3 exf3 9. Qf2 e4 10.
Bc4 Ne5 11. Bb3 Nf4 12. Qg3 Ng2+ 13. Kd1 Bd6 14. Qf2 O-O 15. d3 e3 16. Qg3 e2+ 17.
Nxe2 fxe2+ 18. Kxe2 Re8 19. Qxg2 Ng4+ 20. Kf1 Ne3+ 21.
Bxe3 Rxe3 22. h4 Rg3 23. Qd2 Qd7 24. Nc3 Qf5+ 25. Qf2 Rf3 26. Qxf3 Qxf3+ 27. Ke1 Bg3+ 28. Kd2 Bf4+ 29. Ke1 Qxh1+ 30. Ke2 Bg4+ 31. Kf2 Qf3+ 32. Ke1 Qe3+ 33. Kf1 Bh3# 0

[Event "Open Nuevo Centro. Jornada 2"]
[Site "Chess.com"]
[Date "2020.06.26"]
[Round "2"]
[White "SIMARRO PEIRÓ, ANDRÉS"]
[Black "Rausell Taberner, Diego"]
[Result "1-0"]
[WhiteElo "1087"]
[BlackElo "453"]
[TimeControl "180+2"]
[EndTime "10:50:26 PDT"]
[Termination "Victoria de AndresSP24 por jaque mate"]

1. e4 e5 2. Nf3 Nc6 3. Nc3 Nf6 4.
Bb5 Bb4 5. a3 a6 6. axb4 Nxb4 7. Bc4 d6 8. d3 Bg4 9. Bb3 O-O 10. O-O Nc6 11. h3 Bh5 12. Bg5 Nd4 13. Nd5 h6 14. Nxf6+ gxf6 15. Bxh6 Re8 16. Kh2 Kh7 17.
Be3 Nxf3+ 18. gxf3 f5 19. exf5 Qf6 20. Bd5 Qxf5 21.
Bxb7 Rab8 22. Bc6 Red8 23. Rxa6 Rxb2 24. Be4 Kg6 25. Bxf5+ Kxf5 26. Rg1 Kf6 27. Bg5+ Ke6 28. Be3 Rb4 29. Qe2 Rb5 30. d4 exd4 31. Bxd4+ Kd7 32.
Qxb5+ Ke7 33. Re1+ Kf8 34. Qxh5 c6 35. Qh8# 1

[Event "Open Nuevo Centro. Jornada 2"]
[Site "Chess.com"]
[Date "2020.06.26"]
[Round "2"]
[White "Gálvez Torres, Guillermo"]
[Black "Valero Martinez, Óscar"]
[Result "1-0"]
[WhiteElo "1072"]
[BlackElo "385"]
[TimeControl "180+2"]
[EndTime "10:50:48 PDT"]
[Termination "Victoria de Bgtron por jaque mate"]

1. c3 e5 2. c4 Nc6 3. g3 Nf6 4. Bg2 Bc5 5. Nc3 d6 6. e3 Bf5 7.
Nge2 Ng4 8. O-O Nb4 9. d4 Bd3 10.
Bxb7 Rb8 11. Bg2 Nc2 12. Qxd3 Nxa1 13. Bd2 O-O 14. Rxa1 Qf6 15. Nd5 Qxf2+ 16. Kh1 Rxb2 17. dxc5 h6 18. Nxc7 Rc8 19. cxd6 Nxe3 20. Bxe3 Qxe2 21. Qxe2 Rxe2 22. Bxa7 Rd2 23. Bc5 e4 24. Bxe4 Rd8 25. Rf1 f5 26. Bxf5 Kh8 27. Ne6 Re8 28. Nc7 Ree2 29.
Rf2 Re1+ 30. Kg2 Ree2 31. Rxe2 Rxe2+ 32. Kf3 Rb2 33. d7 Rb8 34. Be7 Rd8 35. Bxd8 Kg8 36. Be7 Kf7 37. d8=Q g6 38. Qf8# 1

[Event "Open Nuevo Centro. Jornada 2"]
[Site "Chess.com"]
[Date "2020.06.26"]
[Round "2"]
[White "Castellano López, Javier"]
[Black "Sanchez Saez, Francisco"]
[Result "0-1"]
[WhiteElo "1777"]
[BlackElo "2287"]
[TimeControl "180+2"]
[EndTime "10:50:58 PDT"]
[Termination "Victoria de Pacman1995 por tiempo"]

1. d4 Nf6 2. c4 c5 3. d5 e6 4. Nc3 exd5 5. cxd5 d6 6. e4 g6 7. Nf3 Bg7 8. Bd3 a6 9. a4 Bg4 10. h3 Bxf3 11. Qxf3 Nbd7 12. O-O Ne5 13. Qe2 O-O 14. Bg5 h6 15. Bh4 Re8 16. Rfe1 Qc7 17. Qc2 Nxd3 18.
Qxd3 Nd7 19. Bg3 Ne5 20. Qc2 c4 21. Bxe5 Bxe5 22. Rac1 Rec8 23. Qd2 Kh7 24. f4 Bg7 25. Qe3 Rab8 26. e5 dxe5 27. fxe5 Re8 28. d6 Qd7 29. Qc5 Rbc8 30. Qd5 b6 31. Rf1 Re6 32. Ne4 Rxe5 33.
Rxf7 Rxd5 34. Rxd7 Kg8 35. Re1 Bxb2 36. Ng3 Bd4+ 37. Kh1 Be5 38. Ne4 c3 39. Rc1 c2 40.
g3 Rd1+ 0

[Event "Open Nuevo Centro. Jornada 2"]
[Site "Chess.com"]
[Date "2020.06.26"]
[Round "2"]
[White "Conejero Martínez, Víctor"]
[Black "Torres Biosca, Roberto"]
[Result "1-0"]
[WhiteElo "1205"]
[BlackElo "650"]
[TimeControl "180+2"]
[EndTime "10:50:59 PDT"]
[Termination "Victoria de Camelocota20 por jaque mate"]

1. d4 d5 2. c4 dxc4 3. e3 Nf6 4.
Bxc4 g6 5. Nf3 Nc6 6. O-O Bg7 7. Nc3 O-O 8. Re1 Qe8 9. e4 Bg4 10. h3 Bxf3 11. Qxf3 Nxd4 12. Qd1 Nc6 13. Nb5 Rd8 14.
Qb3 Na5 15. Qb4 b6 16. Nxc7 Qd7 17. Nb5 Rc8 18. Na3 Rc7 19. Bf4 Rc6 20. Bb5 Ne8 21. Bxc6 Qxc6 22. Qxe7 Qc7 23. Bxc7 Nb7 24. Rad1 Nxc7 25.
Qxc7 Be5 26. Qxb7 Bf6 27. Qxa7 h6 28. Qxb6 Be7 29. Qb7 Bd8 30. Qd5 Be7 31. Qd2 Kh7 32. Qd7 Bf6 33. Rb1 Kg7 34. b4 h5 35. b5 Kh7 36. b6 Kh6 37. b7 Be5 38. Qd5 Bf6 39. b8=Q Rxb8 40. Rxb8 Bc3 41. Rh8+ Kg7 42. Rh7+ Kxh7 43.
Qxf7+ Kh6 44. Rd1 Ba5 45. Rd6 Kg5 46. Qxg6+ Kh4 47. Qf6# 1